 Dungeon Crawl Stone Soup version 0.22.0 (webtiles) character file.

9325 Peloso the Carver (level 11, -4/95 HPs)
             Began as a Minotaur Fighter on Aug 11, 2018.
             Was a High Priest of Okawaru.
             Killed from afar by Erolcha (32 damage)
             ... with a crystal spear
             ... on level 10 of the Dungeon.
             The game lasted 00:24:41 (9696 turns).

Peloso the Carver (Minotaur Fighter)                Turns: 9696, Time: 00:24:42

Health: -4/95      AC: 21    Str: 23    XL:     11   Next: 21%
Magic:  9/10       EV:  7    Int:  5    God:    Okawaru [*****.]
Gold:   466        SH: 12    Dex: 11    Spells: 10/10 levels left

rFire    . . .     SeeInvis .   a - +2 long sword (protect)
rCold    . . .     Gourm    .   c - +0 shield
rNeg     . . .     Faith    .   b - +0 plate armour
rPois    .         Spirit   .   (helmet restricted)
rElec    .         Reflect  .   (no cloak)
rCorr    .         Harm     .   (no gloves)
MR       .....                  (no boots)
Stlth    ..........             (no amulet)
HPRegen  0.25/turn              B - ring of wizardry
MPRegen  0.12/turn              (no ring)

@: protection aura
A: retaliatory headbutt, horns 2
a: Heroism, Finesse, Renounce Religion


You were on level 10 of the Dungeon.
You worshipped Okawaru.
Okawaru was extremely pleased with you.
You were not hungry.

You visited 2 branches of the dungeon, and saw 11 of its levels.
You also visited: Sewer.

You collected 616 gold pieces.
You spent 150 gold pieces at shops.

Inventory:

Hand Weapons
 a - a +2 long sword of protection (weapon)
Armour
 b - a +0 plate armour (worn)
 c - a +0 shield (worn)
Jewellery
 h - an uncursed amulet of the acrobat
 p - an uncursed ring of protection from magic
 q - an uncursed ring of protection from fire
 y - an uncursed amulet of guardian spirit
 B - a ring of wizardry (left hand)
 H - an uncursed ring of wizardry
Wands
 g - a wand of digging (6)
 C - a wand of iceblast (8)
 E - a wand of polymorph (7)
Scrolls
 j - a scroll of amnesia
 r - 3 scrolls of fear {unknown}
 s - 5 scrolls of teleportation
 u - 5 scrolls of blinking {unknown}
 w - 3 scrolls of magic mapping {unknown}
 A - a scroll of random uselessness {unknown}
 D - a scroll of identify
 F - 6 scrolls of remove curse
 G - 2 scrolls of enchant weapon
Potions
 d - a potion of might
 e - 2 potions of magic
 i - 2 potions of berserk rage
 k - 4 potions of flight {unknown}
 l - a potion of mutation {unknown}
 m - a potion of ambrosia {unknown}
 n - 3 potions of curing {unknown}
 o - 2 potions of lignification {unknown}
 t - a potion of agility {unknown}
 v - a potion of haste {unknown}
 x - a potion of heal wounds {unknown}
 z - 2 potions of brilliance {unknown}
Comestibles
 f - 15 rations


   Skills:
 + Level 8.4 Fighting
 + Level 12.7 Long Blades
 + Level 10.4 Armour
 + Level 2.1 Dodging
 + Level 0.2 Stealth
 + Level 11.2 Shields
 + Level 1.0 Evocations


You had 10 spell levels left.
You didn't know any spells.
Your spell library contained the following spells:

 Spells                   Type           Power        Failure   Level  Hunger
 Bolt of Magma            Conj/Fire/Erth #.........   100%        5    ######.
 Venom Bolt               Conj/Pois      #.........   100%        5    ######.
 Iron Shot                Conj/Erth      #.........   100%        6    #######
 Orb of Destruction       Conj           #.........   100%        7    #######
 Iskenderun's Battlesphe  Conj/Chrm      #.......     100%        5    ######.
 Spellforged Servitor     Conj/Summ      #.........   100%        7    #######


Dungeon Overview and Level Annotations

Branches:
Dungeon (10/15)            Temple (1/1) D:6
   Lair: D:8-11         Orc: D:9-12

Altars:
Ashenzari
Cheibriados
Dithmenos
Elyvilon
Fedhas
Gozag
Hepliaklqana
Kikubaaqudgha
Makhleb
Nemelex Xobeh
Okawaru
Qazlal
Ru
Sif Muna
Trog
Uskayaw
Vehumet
Wu Jian
Xom
Yredelemnul
Zin
The Shining One

Shops:
D:8 ?

Annotations:
D:10 Erolcha


Innate Abilities, Weirdness & Mutations

You reflexively headbutt those who attack you in melee.
You have a pair of horns on your head.


Message History

The howler monkey is heavily wounded.
You block the howler monkey's attack.
You slice the howler monkey!!
You kill the howler monkey!
Okawaru accepts your kill. Erolcha casts a spell at you.
The crystal spear hits you!
Unknown command.
You slash the shadow imp!
You kill the shadow imp!
Okawaru accepts your kill.
You feel like a meek peon again. Erolcha hits you with a giant club!!
* * * LOW HITPOINT WARNING * * *
Unknown command.
Your plate armour prevents you from hitting Erolcha.
Your headbutt misses Erolcha.
Erolcha points at you and mumbles some strange words.
The crystal spear hits you!
You die...

#.......)........
####.#............
#.####...######
..######.# #...#
.........####...#
#.#####....###.##
#.##.# .# #.##.# #
#.##@# .#
#.##O##T.####
#.##.Y.o.....
#.#####...... #.
.#.h# .# . .. .. #


You could see Erolcha and a sky beast.

Vanquished Creatures
  Snorg (D:10)
  2 two-headed ogres
  Joseph (D:7)
  Prince Ribbit (D:6)
  6 slime creatures
  6 yaks (D:9)
  Eustachio (D:5)
  Duvessa (D:6)
  An ice beast (D:9)
  8 ogres
  4 orc warriors
  A phantom (D:9)
  5 centaurs
  Blork the orc (D:4)
  A big kobold (D:6)
  8 bullfrogs
  Dowan (D:6)
  3 scorpions
  13 wights
  5 howler monkeys
  A crimson imp (D:5)
  A centaur skeleton (D:5)
  5 hounds
  3 jellies
  7 orc priests
  11 orc wizards
  3 iguanas
  5 worker ants
  2 hound skeletons
  A howler monkey zombie (D:5)
  8 gnolls
  12 adders
  3 river rats (D:3)
  A shadow imp (D:10)
  2 oozes
  An adder skeleton (D:6)
  An adder zombie (D:8)
  2 worms
  2 dart slugs
  2 leopard geckos
  24 orcs
  3 ball pythons (Sewer)
  4 giant cockroaches
  8 hobgoblins
  10 jackals
  14 kobolds
  7 quokkas
  7 bats
  13 frilled lizards
  4 goblins
  8 rats
  3 rat zombies (D:9)
248 creatures vanquished.

Vanquished Creatures (others)
  2 orc wizards
2 creatures vanquished.

Grand Total: 250 creatures vanquished

Notes
Turn   | Place    | Note
-------+----------+-------------------------------------------
     0 | D:1      | Peloso the Minotaur Fighter began the quest for the Orb.
     0 | D:1      | Reached XP level 1. HP: 19/19 MP: 0/0
    66 | D:1      | Reached XP level 2. HP: 24/27 MP: 1/1
   720 | D:2      | Reached XP level 3. HP: 28/33 MP: 2/2
   804 | D:2      | Found an opulent altar of Gozag.
   805 | D:2      | Reached skill level 3 in Long Blades
  1027 | D:2      | Reached XP level 4. HP: 40/40 MP: 3/3
  1549 | D:3      | Found a glowing drain.
  1553 | Sewer    | Entered a sewer
  1658 | Sewer    | Reached skill level 5 in Shields
  1860 | D:3      | Reached XP level 5. HP: 46/46 MP: 4/4
  2201 | D:3      | Found a bloodstained altar of Trog.
  2575 | D:3      | Reached skill level 5 in Armour
  2671 | D:4      | Reached skill level 4 in Long Blades
  2805 | D:4      | Found a shadowy altar of Dithmenos.
  2954 | D:4      | Noticed an ogre
  2966 | D:4      | Killed an ogre
  2966 | D:4      | Reached XP level 6. HP: 5/53 MP: 0/5
  3376 | D:4      | Noticed Blork the orc
  3387 | D:4      | Killed Blork the orc
  3430 | D:4      | Reached skill level 5 in Long Blades
  3920 | D:4      | Reached XP level 7. HP: 60/60 MP: 6/6
  3977 | D:5      | Entered Level 5 of the Dungeon
  4066 | D:5      | Found a glowing golden altar of the Shining One.
  4068 | D:5      | Found a sacrificial altar of Ru.
  4068 | D:5      | Found a deep blue altar of Sif Muna.
  4076 | D:5      | Reached skill level 6 in Long Blades
  4088 | D:5      | Reached skill level 1 in Dodging
  4132 | D:5      | Reached skill level 5 in Fighting
  4600 | D:5      | Noticed Eustachio
  4635 | D:5      | Killed Eustachio
  4635 | D:5      | Reached skill level 7 in Long Blades
  4635 | D:5      | Reached XP level 8. HP: 64/68 MP: 7/7
  4854 | D:6      | Found a shattered altar of Ashenzari.
  5062 | D:6      | Found a staircase to the Ecumenical Temple.
  5074 | Temple   | Entered the Ecumenical Temple
  5126 | Temple   | Became a worshipper of Warmaster Okawaru
  5158 | D:6      | Found a sparkling altar of Nemelex Xobeh.
  5188 | D:6      | Reached skill level 8 in Long Blades
  5268 | D:6      | Noticed Dowan
  5284 | D:6      | Killed Dowan
  5323 | D:6      | Noticed Duvessa
  5343 | D:6      | Killed Duvessa
  5749 | D:6      | Reached * piety under Okawaru
  5749 | D:6      | Reached XP level 9. HP: 74/74 MP: 8/8
  5943 | D:7      | Noticed Joseph
  5963 | D:7      | Killed Joseph
  5963 | D:7      | Reached skill level 9 in Long Blades
  6369 | D:7      | Reached ** piety under Okawaru
  6373 | D:7      | Noticed Prince Ribbit
  6523 | D:6      | Killed Prince Ribbit
  6605 | D:7      | Reached skill level 10 in Long Blades
  7021 | D:7      | Reached skill level 10 in Shields
  7196 | D:8      | Noticed a two-headed ogre
  7202 | D:8      | Killed a two-headed ogre
  7202 | D:8      | Reached *** piety under Okawaru
  7202 | D:8      | Reached XP level 10. HP: 64/84 MP: 9/9
  7279 | D:8      | Found Wuel's Magic Scroll Emporium.
  7303 | D:8      | Bought a scroll of teleportation for 36 gold pieces
  7303 | D:8      | Bought a scroll of identify for 24 gold pieces
  7303 | D:8      | Bought a scroll of enchant weapon for 90 gold pieces
  7647 | D:8      | Reached skill level 11 in Long Blades
  7820 | D:9      | Reached **** piety under Okawaru
  7820 | D:9      | Reached skill level 1 in Evocations
  7966 | D:9      | Noticed a two-headed ogre
  8249 | D:9      | Killed a two-headed ogre
  8464 | D:9      | Reached skill level 12 in Long Blades
  8482 | D:9      | Reached skill level 10 in Armour
  8567 | D:9      | Found an ancient bone altar of Kikubaaqudgha.
  8968 | D:9      | Reached ***** piety under Okawaru
  8982 | D:9      | Reached XP level 11. HP: 39/94 MP: 10/10
  9047 | D:9      | You fall through a shaft!
  9047 | D:10     | Entered Level 10 of the Dungeon
  9346 | D:9      | Received a gift from Okawaru
  9350 | D:9      | Got a shimmering hat {god gift}
  9356 | D:9      | Identified the -4 hat of Vommui {rC+} (Okawaru gifted it to you on level 9 of the Dungeon)
  9669 | D:10     | Noticed Erolcha
  9669 | D:10     | Noticed Snorg
  9692 | D:10     | Killed Snorg
  9696 | D:10     | Killed from afar by Erolcha

Skill      XL: |  1  2  3  4  5  6  7  8  9 10 11 |
---------------+----------------------------------+-----
Armour         | 4 5 6 7 9 10 | 10.4
Shields        | 4 5 6 8 10 11 | 11.2
Fighting       | 4 5 6 7 8 |  8.4
Long Blades    | 3 4 5 7 8 10 12 | 12.7
Dodging        | 1 2 |  2.1
Evocations     | 1 |  1.0
Stealth        | |  0.2

Action                   |  1- 3 |  4- 6 |  7- 9 | 10-12 || total
-------------------------+-------+-------+-------+-------++-------
Melee: Long sword        |    93 |   215 |   113 |    41 ||   462
       Headbutt          |    15 |    34 |    78 |    52 ||   179
       Scimitar          |       |       |   215 |   207 ||   422
Invok: Heroism           |       |       |       |     1 ||     1
Evoke: Wand              |       |       |     2 |       ||     2
  Use: Scroll            |       |       |     4 |     3 ||     7
       Potion            |       |       |     1 |       ||     1
  Eat: Chunk             |       |     9 |    11 |     9 ||    29
Armor: Scale mail        |    19 |       |       |       ||    19
       Chain mail        |    29 |    98 |    24 |       ||   151
       Plate armour      |       |       |    95 |    96 ||   191
       Skin              |       |       |     8 |       ||     8
Dodge: Dodged            |    18 |    59 |    59 |    40 ||   176
Block: Shield            |    45 |   118 |   199 |   127 ||   489
       Rpst.: Long sword |     6 |    22 |     1 |     4 ||    33
       Scimitar          |       |       |     7 |     8 ||    15
